 Dungeon Crawl Stone Soup version 0.25.0-8-gfd19cd77bd (webtiles) character file.

Game seed: 5384092377045175573

75 Esekla the Slasher (level 4, 0/26 HPs)
             Began as a Tengu Warper on June 16, 2020.
             Was an Initiate of Ashenzari.
             Slain by a hound (6 damage)
             ... on level 5 of the Dungeon.
             The game lasted 00:09:55 (2097 turns).

Esekla the Slasher (Tengu Warper)                   Turns: 2097, Time: 00:09:56

Health: 0/26       AC:  4    Str: 12    XL:     4   Next: 31%
Magic:  9/9        EV: 12    Int: 13    God:    Ashenzari [......]
Gold:   111        SH:  0    Dex: 14    Spells: 4/8 levels left

rFire    . . .     SeeInvis .   a - +0 falchion
rCold    . . .     Gourm    .   (no shield)
rNeg     . . .     Faith    .   b - +0 leather armour
rPois    .         Spirit   .   (helmet restricted)
rElec    .         Reflect  .   (no cloak)
rCorr    .         Harm     .   m - +0 pair of gloves
MR       .....                  (boots unavailable)
Stlth    +.........             (no amulet)
HPRegen  0.08/turn              (no ring)
MPRegen  0.11/turn              (no ring)

@: no status effects
A: beak, talons 3
a: Curse Item, Renounce Religion


You were on level 5 of the Dungeon.
You worshipped Ashenzari.
Ashenzari was noncommittal.
You were near starving.

You visited 1 branch of the dungeon, and saw 5 of its levels.

You collected 111 gold pieces.

Inventory:

Hand Weapons
 a - a +0 falchion (weapon)
 g - a +0 dagger
Missiles
 e - 5 boomerangs of dispersal
 j - 3 poisoned darts (quivered)
 r - 2 boomerangs
Armour
 b - a +0 leather armour (worn)
 m - a +0 pair of gloves (worn)
Scrolls
 c - 2 scrolls of identify {unknown}
 d - a scroll of blinking
 i - a scroll of random uselessness {unknown}
 n - a scroll of enchant armour {unknown}
 o - a scroll of remove curse
 q - a scroll of magic mapping {unknown}
Potions
 h - a potion of lignification {unknown}
 k - a potion of cancellation {unknown}
 l - a potion of stabbing {unknown}
 p - a potion of heal wounds {unknown}
Comestibles
 f - 6 rations


   Skills:
 + Level 2.1 Fighting
 * Level 3.5 Long Blades
 - Level 1.0 Throwing
 + Level 1.7 Armour
 + Level 2.6 Dodging
 + Level 2.7 Spellcasting
 * Level 0.2 Charms
 + Level 2.4 Translocations


You had 4 spell levels left.
You knew the following spells:

 Your Spells              Type           Power        Failure   Level  Hunger
a - Shroud of Golubria    Chrm/Tloc      #.....       26%         2    ###....
b - Blink                 Tloc           N/A          17%         2    ###....

Your spell library contained the following spells:

 Spells                   Type           Power        Failure   Level  Hunger
 Gell's Gravitas          Tloc           #.........   32%         3    ###....
 Lesser Beckoning         Tloc           #.........   32%         3    ###....
 Teleport Other           Tloc           #.......     32%         3    ###....
 Passage of Golubria      Tloc           N/A          73%         4    #####..


Dungeon Overview and Level Annotations

Branches:
Dungeon (5/15)             Temple (0/1) D:5

Altars:
Ashenzari
Gozag
Okawaru
Ru


Innate Abilities, Weirdness & Mutations

You have a beak for a mouth.
You have claws for feet.


Message History

The orc wizard flickers and vanishes!
Deactivating autopickup; reactivate with Ctrl-A.
You see here an uncursed dagger.
A hound comes into view.
Found a scroll labeled UGONUHUZO ISAO.
You hit the orc.
The orc is severely wounded.
The orc closely misses you.
You riposte.
You hit the orc but do no damage. Your peck misses the orc.
The orc is severely wounded.
You hit the orc but do no damage.
The orc is severely wounded.
A centaur comes into view.
The centaur moves out of view.
The hound bites you.
* * * LOW HITPOINT WARNING * * *
You see here a scroll labeled UGONUHUZO ISAO.
c - 2 scrolls labeled UGONUHUZO ISAO (gained 1)
The hound bites you.
You die...

#⌠..!⌠# . #.
#.....# #.
#..>..# . #.
#.....# #
#.### #⌠...⌠#
#...#####.###
#.#.##.#...#
#....#.#.8.#
#.@h...#...#
##.....##.##
##.#..#o.#
#.#.o#.###
#.#......#
#.#......#
#............
###......##.#
#......# #


You could see a hound and an orc.

Vanquished Creatures
  An adder (D:2)
  A worm (D:2)
  A dart slug (D:1)
  2 leopard geckos
  3 orcs
  3 bats
  2 giant cockroaches
  4 goblins
  A hobgoblin (D:1)
  2 jackals (D:4)
  3 kobolds
  2 ball pythons (D:2)
  4 frilled lizards
  6 rats
35 creatures vanquished.

Vanquished Creatures (others)
  An orc wizard (D:5)
1 creature vanquished.

Grand Total: 36 creatures vanquished

Notes
Turn   | Place    | Note
-------+----------+-------------------------------------------
     0 | D:1      | Esekla the Tengu Warper began the quest for the Orb.
     0 | D:1      | Reached XP level 1. HP: 12/12 MP: 4/4
   194 | D:1      | Reached XP level 2. HP: 12/17 MP: 6/6
   766 | D:2      | Found a shattered altar of Ashenzari.
   771 | D:2      | Reached XP level 3. HP: 21/21 MP: 7/7
   791 | D:2      | Learned a level 2 spell: Shroud of Golubria
   794 | D:2      | Learned a level 2 spell: Blink
   861 | D:2      | Became a worshipper of Ashenzari the Shackled
   867 | D:2      | Reached skill level 3 in Long Blades
  1479 | D:3      | Found an opulent altar of Gozag.
  1480 | D:3      | Found an iron altar of Okawaru.
  1480 | D:3      | Found a sacrificial altar of Ru.
  1730 | D:5      | Entered Level 5 of the Dungeon
  1751 | D:5      | Reached XP level 4. HP: 5/26 MP: 7/9
  2077 | D:5      | Found a staircase to the Ecumenical Temple.
  2094 | D:5      | Noticed a centaur
  2097 | D:5      | Slain by a hound

Illustrated notes

Levels and vault maps discovered:
D:1:      dpeg_arrival_tiny_a, layout_basic, minmay_misc_feat_iff, minivault_4
D:2:      layout_basic, riverfiend_overflow_shadow_ancestor,
          kennysheep_slug_shrine, lemuel_round_altar,
          chequers_serial_rivers_large_b, minmay_tall_x
D:3:      layout_loops_ring, chequers_temple_overflow_statue_of_worship,
          first_ration
D:4:      layout_basic, hangedman_decor_riveting
D:5:      layout_loops_ring, minmay_temple_entry_antechambers,
          cheibrodos_sewer_entry_drain

Skill      XL: |  1  2  3 |
---------------+----------+-----
Long Blades    | 3 |  3.5
Fighting       | |  2.1
Throwing       | |  1.0
Armour         | |  1.7
Dodging        | |  2.6
Spellcasting   | |  2.7
Charms         | |  0.2
Translocations | |  2.4

Action                   |  1- 3 |  4- 6 || total
-------------------------+-------+-------++-------
Melee: Falchion          |    90 |    10 ||   100
       Kick              |    18 |     3 ||    21
       Peck              |    12 |     1 ||    13
Throw: Dart              |     7 |     2 ||     9
 Cast: Blink             |     1 |       ||     1
  Eat: Chunk             |     2 |       ||     2
Armor: Leather armour    |    29 |     4 ||    33
Dodge: Dodged            |    76 |    13 ||    89
       Rpst.: Falchion   |    23 |     2 ||    25
